 Dungeon Crawl Stone Soup version 0.18.1-50-g88ac8fd (webtiles) character file.

6160 Monkfish the Unseen (level 11, -4/71 HPs)
             Began as a Kobold Berserker on Oct 24, 2016.
             Was an Elder of Trog.
             Slain by a yak (7 damage)
             ... on level 9 of the Dungeon.
             The game lasted 00:17:13 (7151 turns).

Monkfish the Unseen (Kobold Berserker)              Turns: 7151, Time: 00:17:14

Health: -4/71      AC:  6    Str: 17    XL:     11   Next: 13%
Magic:  12/12      EV: 15    Int:  5    God:    Trog [****..]
Gold:   445        SH:  0    Dex: 23    Spells: 0 memorised, 10 levels left

rFire  + . .     SeeInvis .     f - +2 dagger (venom)
rCold  + . .     Gourm    .     p - +0 ring mail of the Turtle {rF+ Dex+5}
rNeg   . . .     Faith    .     (shield restricted)
rPois  .         Spirit   .     (no helmet)
rElec  .         Dismiss  .     (no cloak)
rCorr  +         Reflect  .     a - +0 pair of gloves
SustAt .         Harm     .     (no boots)
MR     .....                    e - amulet of regeneration
Stlth  +++++++...               o - ring of resist corrosion
                                j - ring of protection from cold

@: lethally poisoned (-4 -> -4), exhausted, slowed, very slow, not resistant to
hostile enchantments, extremely stealthy
A: carnivore 3
a: Berserk, Trog's Hand, Brothers in Arms, Burn Spellbooks, Renounce Religion


You were on level 9 of the Dungeon.
You worshipped Trog.
Trog was greatly pleased with you.
You were not hungry.

You visited 1 branch of the dungeon, and saw 9 of its levels.

You collected 445 gold pieces.

Inventory:

Hand Weapons
 d - a +1 dagger of holy wrath
 f - a +2 dagger of venom (weapon)
 k - a +3 hunting sling of evasion
Armour
 a - a +0 pair of gloves (worn)
 p - the +0 ring mail of the Turtle (worn) {rF+ Dex+5}
   (You found it on level 7 of the Dungeon)

   It affects your dexterity (+5).
   It protects you from fire.
Jewellery
 e - an amulet of regeneration (around neck)
 j - a ring of protection from cold (left hand)
 o - a ring of resist corrosion (right hand)
Wands
 i - a wand of digging (9/24)
 l - a wand of disintegration (1/24)
 s - a wand of lightning (0/15)
Scrolls
 h - a scroll of teleportation
 m - 4 scrolls of remove curse
 q - a scroll of magic mapping
 r - 3 scrolls of identify
Potions
 b - a potion of haste
 n - 2 potions of brilliance
 u - 2 potions of degeneration
Comestibles
 c - 5 meat rations
 g - a beef jerky
 t - 7 royal jellies


   Skills:
 + Level 9.2 Fighting
 + Level 10.7 Short Blades
 - Level 1.5 Armour
 - Level 2.4 Dodging
 * Level 15.4 Stealth
 + Level 2.0 Evocations


You had 10 spell levels left.
You didn't know any spells.

Dungeon Overview and Level Annotations

Branches:
Dungeon (9/15)             Temple (0/1) D:6
   Lair: D:8-11         Orc: D:9-12

Altars:
Ashenzari
Dithmenos
Gozag
Kikubaaqudgha
Makhleb
Nemelex Xobeh
Trog
Xom
Yredelemnul
Zin


Innate Abilities, Weirdness & Mutations

You are small and have problems with some larger weapons.
You are carnivorous and can eat meat at any time.


Message History

Enchant which weapon? (? for menu, Esc to quit)
Your +1 dagger of venom glows red for a moment.
The yak closely misses you. The hippogriff closely misses you.
The hippogriff misses you. x2; The yak gores you!
* * * LOW HITPOINT WARNING * * *
The yak gores you.
* * * LOW HITPOINT WARNING * * *
Drink which item? (? for menu, Esc to quit)
It was a potion of berserk rage.
You're too exhausted to go berserk.
You feel sick.
You kill the yak!
Trog accepts your kill.
Your Evocations skill increases to level 2!
The hippogriff bites you.
* * * LOW HITPOINT WARNING * * *
The hippogriff pecks you but does no damage.
The hippogriff claws you.
* * * LOW HITPOINT WARNING * * *
The yak gores you!
You die...

#......#
###.......#
#......#
#.....#####
#...).r##..##.Y#
#......#.Y###.##
#.....YY.##..Y#
###.####†###
#...###r.#
#.....YH##########
#......@Ys.>......
.......############
.######


You could see 2 yaks, a hippogriff, a scorpion and a quokka.

Vanquished Creatures
  Erolcha (D:8)
  The ghost of Krapule the Grappler, a novice VSMo of Cheibriados (D:8)
  A queen bee (D:8)
  4 yaks (D:9)
  Menkaure (D:5)
  An orc warrior (D:8)
  3 sky beasts
  An ogre (D:6)
  A phantom (D:7)
  3 ice beasts
  A necrophage (D:7)
  2 centaurs
  2 big kobolds (D:7)
  4 giant frogs
  A gnoll sergeant (D:6)
  26 killer bees
  4 wights (D:8)
  A crimson imp (D:6)
  2 giant frog zombies
  3 jellies
  An orc wizard (D:8)
  2 giant frog skeletons
  3 hounds
  3 iguanas
  A worker ant (D:4)
  Ijyb (D:3)
  A hound zombie (D:6)
  A hound skeleton (D:7)
  6 gnolls
  12 adders
  A shadow imp (D:7)
  2 oozes
  5 worms
  A dart slug (D:3)
  8 giant geckos
  13 orcs
  8 bats
  5 giant cockroaches
  8 goblins
  12 hobgoblins
  14 jackals
  20 kobolds
  8 quokkas
  2 ball pythons
  3 giant newts
  A jackal skeleton (D:6)
  A jackal zombie (D:7)
  A quokka zombie (D:5)
  11 rats
218 creatures vanquished.

Vanquished Creatures (collateral kills)
  A centaur warrior (D:9)
  3 killer bees (D:9)
4 creatures vanquished.

Grand Total: 222 creatures vanquished

Notes
Turn   | Place    | Note
--------------------------------------------------------------
     0 | D:1      | Monkfish the Kobold Berserker began the quest for the Orb.
     0 | D:1      | Reached XP level 1. HP: 14/14 MP: 1/1
   154 | D:1      | Reached XP level 2. HP: 17/19 MP: 2/2
   172 | D:1      | Reached skill level 1 in Stealth
   413 | D:1      | Reached XP level 3. HP: 17/24 MP: 3/3
   587 | D:1      | Reached ** piety under Trog
   948 | D:2      | Found an ancient bone altar of Kikubaaqudgha.
   993 | D:2      | Reached XP level 4. HP: 12/29 MP: 4/4
  1109 | D:2      | Reached skill level 2 in Stealth
  1449 | D:2      | Reached skill level 5 in Short Blades
  1785 | D:2      | Reached skill level 3 in Stealth
  1956 | D:3      | Noticed Ijyb
  1965 | D:3      | Reached *** piety under Trog
  1972 | D:3      | Killed Ijyb
  1972 | D:3      | Reached XP level 5. HP: 33/33 MP: 5/5
  2047 | D:3      | Reached skill level 4 in Stealth
  2818 | D:3      | Found a basalt altar of Yredelemnul.
  2928 | D:4      | Reached XP level 6. HP: 39/39 MP: 6/6
  3025 | D:4      | Reached skill level 5 in Stealth
  3065 | D:4      | Noticed an ice beast
  3082 | D:4      | Killed an ice beast
  3084 | D:4      | Reached **** piety under Trog
  3152 | D:4      | Reached skill level 6 in Stealth
  3386 | D:5      | Entered Level 5 of the Dungeon
  3418 | D:5      | Reached skill level 5 in Fighting
  3418 | D:5      | Reached XP level 7. HP: 44/44 MP: 7/7
  3439 | D:5      | Found a basalt altar of Yredelemnul.
  3442 | D:5      | Got a warped robe
  3456 | D:5      | Found a sparkling altar of Nemelex Xobeh.
  3502 | D:5      | Reached skill level 7 in Stealth
  3750 | D:5      | Reached skill level 8 in Stealth
  3823 | D:5      | Noticed Menkaure
  3836 | D:5      | Killed Menkaure
  3836 | D:5      | Reached XP level 8. HP: 27/49 MP: 8/8
  3934 | D:5      | Identified the +1 robe "Gimeh" {-Cast Regen+ MP+9} (You found it on level 5 of the Dungeon)
  4074 | D:6      | Reached skill level 9 in Stealth
  4335 | D:6      | Found a staircase to the Ecumenical Temple.
  4398 | D:6      | Reached skill level 10 in Stealth
  4686 | D:6      | Reached skill level 11 in Stealth
  4941 | D:7      | Reached XP level 9. HP: 14/55 MP: 9/9
  5271 | D:7      | Reached skill level 12 in Stealth
  5485 | D:7      | Reached ***** piety under Trog
  5492 | D:7      | Reached skill level 13 in Stealth
  5531 | D:7      | Found an opulent altar of Gozag.
  5628 | D:7      | Got an encrusted ring mail
  5629 | D:7      | Identified the +0 ring mail of the Turtle {rF+ Dex+5} (You found it on level 7 of the Dungeon)
  5765 | D:7      | Found a burning altar of Makhleb.
  5948 | D:7      | Found a shadowy altar of Dithmenos.
  5949 | D:7      | Found a shattered altar of Ashenzari.
  6186 | D:8      | Received a gift from Trog
  6206 | D:8      | Noticed Erolcha
  6207 | D:8      | Killed Erolcha
  6207 | D:8      | Reached skill level 14 in Stealth
  6207 | D:8      | Reached XP level 10. HP: 55/63 MP: 10/10
  6415 | D:8      | Noticed Krapule's ghost (novice VSMo)
  6457 | D:8      | Killed Krapule's ghost
  6509 | D:8      | Found a glowing silver altar of Zin.
  6509 | D:8      | Found a shimmering altar of Xom.
  6510 | D:8      | Noticed an angel
  6676 | D:8      | Reached skill level 10 in Short Blades
  6787 | D:8      | Reached skill level 1 in Evocations
  6920 | D:8      | Found a bloodstained altar of Trog.
  7095 | D:9      | Reached skill level 15 in Stealth
  7098 | D:9      | Noticed a centaur warrior
  7104 | D:9      | Killed a centaur warrior
  7104 | D:9      | Reached XP level 11. HP: 35/69 MP: 10/12
  7151 | D:9      | HP: 3/71 [hippogriff (3)]
  7151 | D:9      | Slain by a yak

Skill      XL: |  1  2  3  4  5  6  7  8  9 10 11 |
---------------+----------------------------------+-----
Stealth        | 1 3 4 6 8 11 14 15 | 15.4
Fighting       | 4 5 7 8 9 |  9.2
Short Blades   | 5 6 7 9 10 | 10.7
Evocations     | 1 2 |  2.0
Armour         | |  1.5
Dodging        | |  2.4

Action                   |  1- 3 |  4- 6 |  7- 9 | 10-12 || total
-------------------------+-------+-------+-------+-------++-------
Melee: Short sword       |    34 |       |       |       ||    34
       Dagger            |   119 |   212 |   371 |   145 ||   847
Invok: Berserk           |     1 |     4 |     7 |     6 ||    18
       Trog's Hand       |       |       |     5 |     6 ||    11
       Burn Spellbooks   |       |       |     2 |     2 ||     4
       Brothers in Arms  |       |       |       |     2 ||     2
Evoke: Wand              |       |       |       |    10 ||    10
  Use: Scroll            |     4 |     4 |     3 |     6 ||    17
       Potion            |       |     4 |     5 |     1 ||    10
 Stab: Sleeping          |     5 |    12 |    19 |     3 ||    39
       Distracted        |       |     1 |     4 |       ||     5
  Eat: Chunk             |    10 |     9 |    13 |       ||    32
       Meat ration       |       |       |     1 |     1 ||     2
Armor: Animal skin       |    16 |    21 |       |       ||    37
       Leather armour    |       |     8 |     4 |       ||    12
       Robe              |       |       |    33 |       ||    33
       Ring mail         |       |       |     7 |    30 ||    37
Dodge: Dodged            |   117 |   125 |   208 |   151 ||   601
